PAA
SAN ANTONIO BC @ MERCER ISLAND SCREAMING EAGLES
08/08/2029
 
TOP OF THE 1ST
San Antonio BC batting - Pitching for Mercer Island Screaming Eagles : RHP Victor Lustig
Pitching: RHP Victor Lustig
Batting: LHB Juan Medina 0-0: Foul Ball, location: 2F
0-1: Ball
1-1: Foul Ball, location: 2F
1-2: Ball
2-2: Ball
3-2: Strikes out swinging
Batting: RHB Zhenya Worobtsoff 0-0: Ball
1-0: Foul Ball, location: 2F
1-1: Fly out, F9 (Flyball, 89D)
Batting: RHB Phil Dougherty 0-0: Ball
1-0: Called Strike
1-1: Foul Ball, location: 2F
1-2: Ball
2-2: Fly out, F8 (Flyball, 89S)
Top of the 1st over - 0 runs, 0 hits, 0 errors, 0 left on base; San Antonio 0 - Mercer Island 0
BOTTOM OF THE 1ST
Mercer Island Screaming Eagles batting - Pitching for San Antonio BC : LHP Roosevelt Tuttle
Pitching: LHP Roosevelt Tuttle
Batting: RHB Wade Killefer 0-0: Ball
1-0: Fly out, F1 (Line Drive, 15)
Batting: RHB Shizuo Heiwajaima 0-0: Ground out 4-3 (Groundball, 4)
Batting: RHB Raúl Moreno 0-0: Called Strike
0-1: Ball
1-1: Foul Ball, location: 2F
1-2: Strikes out looking
Bottom of the 1st over - 0 runs, 0 hits, 0 errors, 0 left on base; San Antonio 0 - Mercer Island 0
TOP OF THE 2ND
San Antonio BC batting - Pitching for Mercer Island Screaming Eagles : RHP Victor Lustig
Batting: RHB Abraham Phelps 0-0: Ball
1-0: Swinging Strike
1-1: Called Strike
1-2: Ball
2-2: Ball
3-2: Foul Ball, location: 2F
3-2: Foul Ball, location: 2F
3-2: Foul Ball, location: 2F
3-2: Base on Balls
Batting: SHB Scotty Vallee 0-0: Ball
1-0: Fly out, F8 (Flyball, 8LD)
Batting: LHB Earl Wiley 0-0: Called Strike
0-1: Foul Ball, location: 2F
0-2: Ball
1-2: Foul Ball, location: 2F
1-2: Strikes out looking
Batting: SHB Anastasio Delgadilo 0-0: Ball
1-0: Swinging Strike
1-1: Ball
2-1: Foul Ball, location: 2F
2-2: Ground out U3 (Groundball, 34)
Top of the 2nd over - 0 runs, 0 hits, 0 errors, 1 left on base; San Antonio 0 - Mercer Island 0
BOTTOM OF THE 2ND
Mercer Island Screaming Eagles batting - Pitching for San Antonio BC : LHP Roosevelt Tuttle
Batting: RHB Jeffery Campbell 0-0: Foul Ball, location: 2F
0-1: Swinging Strike
0-2: Ball
1-2: Fly out, F9 (Flyball, 9S)
Batting: SHB Ray Davis 0-0: Called Strike
0-1: Ball
1-1: Swinging Strike
1-2: Ball
2-2: Strikes out swinging
Batting: RHB Harry Freidricks 0-0: Ball
1-0: Foul Ball, location: 2F
1-1: Foul Ball, location: 2F
1-2: SINGLE (Groundball, 4MD)
Batting: RHB Francisco Agámez 0-0: 2-RUN HOME RUN (Line Drive, 78XD), Distance : 415 ft
Batting: LHB Jorge Pérez 0-0: Foul Ball, location: 2F
0-1: Ground out 4-3 (Groundball, 4)
Bottom of the 2nd over - 2 runs, 2 hits, 0 errors, 0 left on base; San Antonio 0 - Mercer Island 2
TOP OF THE 3RD
San Antonio BC batting - Pitching for Mercer Island Screaming Eagles : RHP Victor Lustig
Batting: RHB Ken Gardner 0-0: Bunt for hit - play at first, batter OUT! 1-3
Batting: RHB Noël Sassetti 0-0: Foul Ball, location: 2F
0-1: Ball
1-1: Ground out 5-3 (Groundball, 5)
Batting: LHB Juan Medina 0-0: Called Strike
0-1: Foul Ball, location: 2F
0-2: Strikes out looking
Top of the 3rd over - 0 runs, 0 hits, 0 errors, 0 left on base; San Antonio 0 - Mercer Island 2
BOTTOM OF THE 3RD
Mercer Island Screaming Eagles batting - Pitching for San Antonio BC : LHP Roosevelt Tuttle
Batting: LHB Jacob Herman 0-0: Foul Ball, location: 2F
0-1: Ball
1-1: Ball
2-1: Swinging Strike
2-2: Fly out, F8 (Flyball, 8LXD)
Batting: RHB Wade Killefer 0-0: Fly out, F7 (Flyball, 7S)
Batting: RHB Shizuo Heiwajaima 0-0: Called Strike
0-1: Called Strike
0-2: Ball
1-2: Ball
2-2: Strikes out swinging
Bottom of the 3rd over - 0 runs, 0 hits, 0 errors, 0 left on base; San Antonio 0 - Mercer Island 2
TOP OF THE 4TH
San Antonio BC batting - Pitching for Mercer Island Screaming Eagles : RHP Victor Lustig
Batting: RHB Zhenya Worobtsoff 0-0: Foul Ball, location: 2F
0-1: Called Strike
0-2: Ball
1-2: Foul Ball, location: 2F
1-2: Foul Ball, location: 2F
1-2: Strikes out swinging
Batting: RHB Phil Dougherty 0-0: Ball
1-0: DOUBLE (Flyball, 8LXD)
Batting: RHB Abraham Phelps 0-0: Ball
1-0: Ball
2-0: Foul Ball, location: 2F
2-1: Ball
3-1: Called Strike
3-2: Fly out, F8 (Flyball, 78XD)
Runner from 2nd tags up, SAFE at 3rd, no throw
Batting: SHB Scotty Vallee 0-0: Ball
1-0: Called Strike
1-1: SINGLE (Line Drive, 4D)
Phil Dougherty scores
Batting: LHB Earl Wiley 0-0: Ball
1-0: Fly out, F7 (Flyball, 7LMF)
Top of the 4th over - 1 run, 2 hits, 0 errors, 1 left on base; San Antonio 1 - Mercer Island 2
BOTTOM OF THE 4TH
Mercer Island Screaming Eagles batting - Pitching for San Antonio BC : LHP Roosevelt Tuttle
Batting: RHB Raúl Moreno 0-0: Ball
1-0: Fly out, F7 (Flyball, 7LM)
Batting: RHB Jeffery Campbell 0-0: Ball
1-0: Fly out, F9 (Flyball, 89D)
Batting: SHB Ray Davis 0-0: Ball
1-0: SINGLE (Groundball, 4MD)
Batting: RHB Harry Freidricks 0-0: Called Strike
0-1: Swinging Strike
0-2: Ball
1-2: Strikes out swinging
Bottom of the 4th over - 0 runs, 1 hit, 0 errors, 1 left on base; San Antonio 1 - Mercer Island 2
TOP OF THE 5TH
San Antonio BC batting - Pitching for Mercer Island Screaming Eagles : RHP Victor Lustig
Batting: SHB Anastasio Delgadilo 0-0: Ball
1-0: Ground out 4-3 (Groundball, 4)
Batting: RHB Ken Gardner 0-0: Swinging Strike
0-1: Bunt for hit - play at first, batter safe!
Batting: RHB Noël Sassetti 0-0: Ball
1-0: Foul Ball, location: 2F
1-1: Ball
2-1: Foul Ball, location: 2F
2-2: Ball
3-2: Base on Balls
Ken Gardner to second
Batting: LHB Juan Medina 0-0: Called Strike
0-1: Called Strike
0-2: Ball
1-2: Foul Ball, location: 2F
1-2: Ball
2-2: Foul Ball, location: 2F
2-2: Foul Ball, location: 2F
2-2: Ball
3-2: 3-RUN HOME RUN (Flyball, 9LD), Distance : 363 ft
Batting: RHB Zhenya Worobtsoff 0-0: Ball
1-0: Swinging Strike
1-1: Swinging Strike
1-2: Strikes out swinging
Batting: RHB Phil Dougherty 0-0: Called Strike
0-1: Ball
1-1: Ball
2-1: Ground out 5-3 (Groundball, 5)
Top of the 5th over - 3 runs, 2 hits, 0 errors, 0 left on base; San Antonio 4 - Mercer Island 2
BOTTOM OF THE 5TH
Mercer Island Screaming Eagles batting - Pitching for San Antonio BC : LHP Roosevelt Tuttle
Batting: RHB Francisco Agámez 0-0: Called Strike
0-1: Ground out 6-3 (Groundball, 6S)
Batting: LHB Jorge Pérez 0-0: Called Strike
0-1: Ball
1-1: Foul Ball, location: 2F
1-2: Strikes out swinging
Batting: LHB Jacob Herman 0-0: Ball
1-0: Ball
2-0: Swinging Strike
2-1: Foul Ball, location: 2F
2-2: Strikes out looking
Bottom of the 5th over - 0 runs, 0 hits, 0 errors, 0 left on base; San Antonio 4 - Mercer Island 2
TOP OF THE 6TH
San Antonio BC batting - Pitching for Mercer Island Screaming Eagles : RHP Victor Lustig
Batting: RHB Abraham Phelps 0-0: Ball
1-0: SINGLE (Flyball, 9S)
Batting: SHB Scotty Vallee 0-0: Ball
Wild Pitch!
Abraham Phelps to second
1-0: Foul Ball, location: 2F
1-1: Foul Ball, location: 2F
1-2: Foul Ball, location: 2F
1-2: Ground out U3 (Groundball, 3)
Abraham Phelps to third
Batting: LHB Earl Wiley 0-0: Called Strike
0-1: Ball
1-1: Foul Ball, location: 2F
1-2: Ball
2-2: Foul Ball, location: 2F
2-2: Ball
3-2: Fly out, F8 (Flyball, 8LM)
Runner from 3rd tags up, OUT at HOME
Top of the 6th over - 0 runs, 1 hit, 0 errors, 0 left on base; San Antonio 4 - Mercer Island 2
BOTTOM OF THE 6TH
Mercer Island Screaming Eagles batting - Pitching for San Antonio BC : LHP Roosevelt Tuttle
Batting: RHB Wade Killefer 0-0: Ball
1-0: DOUBLE (Line Drive, 7LM)
Batting: RHB Shizuo Heiwajaima 0-0: Called Strike
0-1: Foul Ball, location: 2F
0-2: Foul Ball, location: 2F
0-2: Fly out, F6 (Popup, 6)
Batting: RHB Raúl Moreno 0-0: Called Strike
0-1: Ball
1-1: Ground out 6-3 (Groundball, 6MS)
Wade Killefer to third
Batting: RHB Jeffery Campbell 0-0: Ball
1-0: Ball
2-0: Ball
3-0: Base on Balls
Batting: SHB Ray Davis 0-0: Called Strike
0-1: Ball
1-1: Ball
2-1: Ball
3-1: Fielders Choice at 2nd, 6-4 (Groundball, 6)
Bottom of the 6th over - 0 runs, 1 hit, 0 errors, 2 left on base; San Antonio 4 - Mercer Island 2
TOP OF THE 7TH
San Antonio BC batting - Pitching for Mercer Island Screaming Eagles : RHP Victor Lustig
Batting: SHB Anastasio Delgadilo 0-0: Ball
1-0: Foul Ball, location: 2F
1-1: SINGLE (Groundball, 6MD)
Batting: RHB Ken Gardner 0-0: Sac Bunt - play at first, batter OUT! 2-3
Anastasio Delgadilo to second
Batting: RHB Noël Sassetti 0-0: Called Strike
0-1: Foul Ball, location: 2F
0-2: Foul Ball, location: 2F
0-2: Ball
1-2: Ball
2-2: Fly out, F6 (Line Drive, 6)
Batting: LHB Juan Medina 0-0: Intentional Walk
Pinch Hitting: LHB Lee Hart 0-0: SINGLE (Groundball, 6D)
Anastasio Delgadilo to third
Juan Medina to second
Runner from 3rd tries for Home, SAFE, no throw
Pitching: RHP Armando Garay
Batting: RHB Phil Dougherty 0-0: Ball
1-0: Ball
2-0: Called Strike
2-1: Ball
3-1: Base on Balls
Juan Medina to third
Lee Hart to second
Batting: RHB Abraham Phelps 0-0: Ball
Wild Pitch!
Juan Medina scores
Lee Hart to third
Phil Dougherty to second
1-0: Intentional Walk
Batting: SHB Scotty Vallee 0-0: Called Strike
0-1: Swinging Strike
0-2: Ball
1-2: Ball
2-2: SINGLE (Groundball, 34D)
Lee Hart scores
Phil Dougherty to third
Abraham Phelps to second
Runner from 3rd tries for Home, SAFE, no throw
Batting: LHB Earl Wiley 0-0: Ball
1-0: Called Strike
1-1: Foul Ball, location: 2F
1-2: Ball
2-2: Ball
3-2: Strikes out looking
Top of the 7th over - 4 runs, 3 hits, 0 errors, 2 left on base; San Antonio 8 - Mercer Island 2
BOTTOM OF THE 7TH
Mercer Island Screaming Eagles batting - Pitching for San Antonio BC : LHP Roosevelt Tuttle
Now in RF: Lee Hart
Batting: RHB Harry Freidricks 0-0: Called Strike
0-1: Ball
1-1: Fly out, F9 (Flyball, 89D)
Batting: RHB Francisco Agámez 0-0: Ball
1-0: Fly out, F8 (Flyball, 8RXD)
Batting: LHB Jorge Pérez 0-0: Ground out U3 (Groundball, 3)
Bottom of the 7th over - 0 runs, 0 hits, 0 errors, 0 left on base; San Antonio 8 - Mercer Island 2
TOP OF THE 8TH
San Antonio BC batting - Pitching for Mercer Island Screaming Eagles : RHP Armando Garay
Batting: SHB Anastasio Delgadilo 0-0: Ball
1-0: Foul Ball, location: 2F
1-1: SINGLE (Groundball, 4MD)
Batting: RHB Ken Gardner 0-0: Ball
1-0: Ball
2-0: Ball
3-0: Called Strike
3-1: Called Strike
3-2: Strikes out swinging
Batting: RHB Noël Sassetti 0-0: Ball
1-0: Ball
2-0: Swinging Strike
2-1: Foul Ball, location: 2F
2-2: Strikes out swinging
Batting: LHB Juan Medina 0-0: Ball
1-0: Foul Ball, location: 2F
1-1: SINGLE (Groundball, 34) (infield hit)
Anastasio Delgadilo to second
Batting: LHB Lee Hart 0-0: Swinging Strike
0-1: Foul Ball, location: 2F
0-2: Strikes out swinging
Top of the 8th over - 0 runs, 2 hits, 0 errors, 2 left on base; San Antonio 8 - Mercer Island 2
BOTTOM OF THE 8TH
Mercer Island Screaming Eagles batting - Pitching for San Antonio BC : LHP Roosevelt Tuttle
Now at 3B: Franklin Gestel
Batting: LHB Jacob Herman 0-0: Ball
1-0: Called Strike
1-1: Swinging Strike
1-2: Ball
2-2: Ball
3-2: SINGLE (Groundball, 34S) (infield hit)
Batting: RHB Wade Killefer 0-0: Ball
1-0: Swinging Strike
1-1: Ball
2-1: Foul Ball, location: 2F
2-2: Fly out, F9 (Flyball, 9D)
Batting: RHB Shizuo Heiwajaima 0-0: TRIPLE (Flyball, 9D)
Jacob Herman scores
Batting: RHB Raúl Moreno 0-0: Ground out 4-3 (Groundball, 4)
Shizuo Heiwajaima scores
Batting: RHB Jeffery Campbell 0-0: Foul Ball, location: 2F
0-1: Ball
1-1: SOLO HOME RUN (Flyball, 9D), Distance : 386 ft
Pitching: RHP Pepe Delgado
Batting: SHB Ray Davis 0-0: Ball
1-0: Called Strike
1-1: Called Strike
1-2: Foul Ball, location: 2F
1-2: Strikes out swinging
Bottom of the 8th over - 3 runs, 3 hits, 0 errors, 0 left on base; San Antonio 8 - Mercer Island 5
TOP OF THE 9TH
San Antonio BC batting - Pitching for Mercer Island Screaming Eagles : RHP Armando Garay
Batting: RHB Phil Dougherty 0-0: Called Strike
0-1: Ball
1-1: Ball
2-1: Foul Ball, location: 2F
2-2: Strikes out swinging
Batting: RHB Abraham Phelps 0-0: Ball
1-0: Called Strike
1-1: Ball
2-1: Foul Ball, location: 2F
2-2: Fly out, F8 (Flyball, 8LS)
Batting: SHB Scotty Vallee 0-0: Called Strike
0-1: Foul Ball, location: 2F
0-2: Foul Ball, location: 2F
0-2: Ground out 6-3 (Groundball, 6S)
Top of the 9th over - 0 runs, 0 hits, 0 errors, 0 left on base; San Antonio 8 - Mercer Island 5
BOTTOM OF THE 9TH
Mercer Island Screaming Eagles batting - Pitching for San Antonio BC : RHP Pepe Delgado
Pitching: RHP Stef Dijkman
Batting: RHB Harry Freidricks 0-0: Called Strike
0-1: Called Strike
0-2: SINGLE (Line Drive, 4)
Batting: RHB Francisco Agámez 0-0: Called Strike
0-1: Ball
1-1: Called Strike
1-2: Ball
2-2: Foul Ball, location: 2F
2-2: Ball
3-2: Fly out, F9 (Line Drive, 89S)
Batting: LHB Jorge Pérez 0-0: Ball
1-0: Called Strike
1-1: Ball
2-1: Grounds into double play, 5-4-3 (Groundball, 56)
Bottom of the 9th over - 0 runs, 1 hit, 0 errors, 0 left on base; San Antonio 8 - Mercer Island 5
Tuesday, December 19th, 2017 - OOTP Baseball 18.8 Build 76